[ AOE2 MATCH · #478680182 ]
UnrankedPortuguese vs Magyars
[ REPLAY ANALYSIS · EXTRACTED FROM THE RECORDED GAME ]
Feudal
13:14
Castle
22:01
Imperial
40:00
| APM avg | 39.8 |
| APM peak | 81 |
| eAPM avg | 19.6 |
| Villagers / military | 91 / 24 |
Focus
⚔️ 17.6% · 🌾 82.4%
Fishing Ship ×23 · Knight ×15 · Organ Gun ×9
Feudal
14:05
Castle
18:06
Imperial
—
| APM avg | 42.1 |
| APM peak | 104 |
| eAPM avg | 23.2 |
| Villagers / military | 118 / 23 |
Focus
⚔️ 23.6% · 🌾 76.4%
Scorpion ×13 · Knight ×4 · Mangonel ×3 · Scout Cavalry ×3
Feudal
12:57
Castle
16:55
Imperial
35:22
| APM avg | 37.4 |
| APM peak | 77 |
| eAPM avg | 21.6 |
| Villagers / military | 132 / 69 |
Focus
⚔️ 36.0% · 🌾 64.0%
Chu Ko Nu ×46 · Knight ×20 · Trebuchet (Packed) ×3
Feudal
12:57
Castle
—
Imperial
—
| APM avg | 39.6 |
| APM peak | 97 |
| eAPM avg | 16.5 |
| Villagers / military | 66 / 13 |
Focus
⚔️ 39.2% · 🌾 60.8%
Archer ×8 · Militia ×5
Feudal
14:11
Castle
17:41
Imperial
39:34
| APM avg | 46.3 |
| APM peak | 78 |
| eAPM avg | 26.2 |
| Villagers / military | 151 / 78 |
Focus
⚔️ 32.6% · 🌾 67.4%
Camel Scout ×52 · Scout Cavalry ×17 · Monk ×6 · Trebuchet (Packed) ×2 · Knight ×1
Feudal
13:23
Castle
17:24
Imperial
—
| APM avg | 60.7 |
| APM peak | 102 |
| eAPM avg | 27.2 |
| Villagers / military | 91 / 52 |
Focus
⚔️ 19.2% · 🌾 80.8%
Cavalry Archer ×37 · Battering Ram ×8 · Scorpion ×4 · Mangonel ×3
Feudal
12:41
Castle
17:15
Imperial
38:33
| APM avg | 47.6 |
| APM peak | 86 |
| eAPM avg | 21.2 |
| Villagers / military | 115 / 40 |
Focus
⚔️ 18.9% · 🌾 81.1%
Knight ×38 · Monk ×2
Feudal
13:34
Castle
17:04
Imperial
38:53
| APM avg | 53.5 |
| APM peak | 111 |
| eAPM avg | 23.1 |
| Villagers / military | 119 / 3 |
Focus
⚔️ 47.8% · 🌾 52.2%
Unknown (2562) ×63 · Unknown (2586) ×10 · Trebuchet (Packed) ×2 · Monk ×1
Match map
Initial resources + every placement click. Lines = walls · curves = elevation contours. ◆ gold · ⬟ stone · ● berries · ✦ relic · ◌ wall gap
Your base· Open — unwalled flank
Gomes's base· Open — unwalled flank
Sérgio's's base· Open — unwalled flank
SSx_KakashiXxX's base· Open — unwalled flank
Petry's base· Open — unwalled flank
Arabeiro's base· Open — 10t gap
SS_Snap's base· Open — unwalled flank
Biel's base· Open — unwalled flank
Smoothed initial terrain · ◌ = detected wall gap · hover for details
Inputs per minute
— SS_Bart - - Gomes
Build order — SS_Bart
First 150 of 267 actions detected
| 0:40 | Build | Town Center |
| 2:13 | Build | House |
| 2:44 | Create | Villager (Male) |
| 2:44 | Create | Villager (Male) |
| 2:44 | Create | Villager (Male) |
| 3:23 | Create | Villager (Male) |
| 3:37 | Create | Villager (Male) |
| 4:06 | Create | Villager (Male) |
| 4:15 | Build | House |
| 4:55 | Build | Lumber Camp |
| 5:04 | Create | Villager (Male) |
| 5:28 | Create | Villager (Male) |
| 5:48 | Create | Villager (Male) |
| 6:12 | Create | Villager (Male) |
| 6:14 | Build | House |
| 6:18 | Create | Villager (Male) |
| 6:59 | Research | Loom |
| 7:13 | Create | Villager (Male) |
| 7:24 | Build | Palisade Wall |
| 7:28 | Create | Villager (Male) |
| 7:56 | Create | Villager (Male) |
| 8:23 | Create | Villager (Male) |
| 8:31 | Create | Villager (Male) |
| 8:34 | Create | Villager (Male) |
| 8:46 | Create | Villager (Male) |
| 8:55 | Build | Palisade Gate |
| 8:58 | Build | House |
| 8:59 | Build | Palisade Wall |
| 9:01 | Create | Villager (Male) |
| 9:12 | Create | Villager (Male) |
| 9:18 | Build | House |
| 10:25 | Build | Mill |
| 10:57 | Research | Feudal Age |
| 11:13 | Build | Mining Camp |
| 12:07 | Build | House |
| 12:08 | Build | Palisade Wall |
| 12:56 | Build | House |
| 12:58 | Build | House |
| 13:08 | Build | House |
| 13:10 | Build | Palisade Wall |
| 13:13 | Build | House |
| 13:14 | Age | Feudal Age |
| 13:17 | Build | House |
| 13:22 | Build | House |
| 13:23 | Build | Palisade Wall |
| 13:25 | Create | Villager (Male) |
| 13:38 | Build | Palisade Wall |
| 13:41 | Build | Palisade Wall |
| 13:49 | Create | Villager (Male) |
| 14:01 | Build | Barracks |
| 14:22 | Create | Villager (Male) |
| 14:29 | Create | Villager (Male) |
| 14:53 | Build | Watch Tower |
| 15:02 | Create | Villager (Male) |
| 15:11 | Create | Villager (Male) |
| 15:31 | Build | Lumber Camp |
| 16:00 | Create | Villager (Male) |
| 16:30 | Create | Villager (Male) |
| 16:57 | Create | Villager (Male) |
| 17:06 | Create | Villager (Male) |
| 17:47 | Create | Villager (Male) |
| 17:59 | Build | Blacksmith |
| 18:15 | Create | Villager (Male) |
| 18:30 | Build | Stable |
| 18:41 | Build | House |
| 18:42 | Build | Palisade Wall |
| 18:45 | Build | Palisade Wall |
| 18:53 | Build | Palisade Gate |
| 18:56 | Create | Villager (Male) |
| 19:09 | Research | Double-Bit Axe |
| 19:10 | Research | Castle Age |
| 19:48 | Build | Palisade Wall |
| 19:49 | Build | Palisade Wall |
| 19:52 | Build | Palisade Wall |
| 19:53 | Build | Palisade Wall |
| 19:53 | Build | Palisade Wall |
| 20:08 | Build | Dock |
| 20:29 | Build | Dock |
| 20:35 | Build | House |
| 21:09 | Build | Market |
| 21:29 | Create | Fishing Ship |
| 21:31 | Create | Fishing Ship |
| 21:46 | Build | House |
| 21:47 | Build | House |
| 22:01 | Age | Castle Age |
| 22:03 | Create | Villager (Male) |
| 22:05 | Create | Knight |
| 22:09 | Research | Bow Saw |
| 22:15 | Create | Fishing Ship |
| 22:25 | Create | Fishing Ship |
| 22:38 | Create | Knight |
| 22:39 | Create | Villager (Male) |
| 23:05 | Create | Villager (Male) |
| 23:07 | Create | Fishing Ship |
| 23:10 | Build | House |
| 23:18 | Create | Fishing Ship |
| 23:23 | Build | Farm |
| 23:24 | Build | Farm |
| 23:25 | Build | Farm |
| 23:27 | Create | Villager (Male) |
| 23:28 | Create | Knight |
| 23:52 | Research | Tech 906 |
| 23:53 | Create | Fishing Ship |
| 23:59 | Create | Knight |
| 24:09 | Create | Villager (Male) |
| 24:12 | Build | Fish Trap |
| 24:15 | Create | Fishing Ship |
| 24:26 | Create | Knight |
| 24:28 | Create | Villager (Male) |
| 24:31 | Build | Farm |
| 24:32 | Build | Farm |
| 24:34 | Create | Fishing Ship |
| 24:38 | Build | Fish Trap |
| 24:53 | Create | Fishing Ship |
| 25:03 | Build | Fish Trap |
| 25:10 | Research | Bloodlines |
| 25:45 | Create | Knight |
| 25:46 | Create | Villager (Male) |
| 26:01 | Create | Fishing Ship |
| 26:29 | Create | Knight |
| 26:31 | Create | Villager (Male) |
| 26:47 | Build | Fish Trap |
| 26:51 | Create | Villager (Male) |
| 27:05 | Create | Fishing Ship |
| 27:16 | Create | Fishing Ship |
| 27:25 | Build | Fish Trap |
| 27:26 | Build | Fish Trap |
| 27:29 | Build | Fish Trap |
| 27:32 | Create | Villager (Male) |
| 27:33 | Create | Knight |
| 27:36 | Build | House |
| 27:37 | Build | House |
| 27:43 | Build | Farm |
| 27:45 | Build | Fish Trap |
| 28:02 | Build | Fish Trap |
| 28:04 | Create | Villager (Male) |
| 28:11 | Create | Knight |
| 28:15 | Create | Villager (Male) |
| 28:28 | Build | Town Center |
| 28:40 | Research | Scale Barding Armor |
| 28:44 | Create | Knight |
| 29:09 | Create | Villager (Male) |
| 29:11 | Build | Fish Trap |
| 29:14 | Create | Fishing Ship |
| 29:17 | Research | Gillnets |
| 29:37 | Build | Fish Trap |
| 29:39 | Create | Villager (Male) |
| 29:49 | Create | Villager (Male) |
| 29:51 | Create | Knight |
| 30:01 | Build | Fish Trap |
Build order — Gomes
First 150 of 307 actions detected
| 0:46 | Build | Town Center |
| 3:07 | Build | House |
| 3:13 | Research | Loom |
| 3:14 | Create | Villager (Male) |
| 3:14 | Create | Villager (Male) |
| 3:18 | Build | Palisade Wall |
| 3:29 | Build | House |
| 4:04 | Create | Villager (Male) |
| 4:04 | Create | Villager (Male) |
| 4:45 | Create | Villager (Male) |
| 5:24 | Create | Villager (Male) |
| 5:38 | Build | House |
| 5:49 | Create | Villager (Male) |
| 5:56 | Build | House |
| 6:17 | Create | Villager (Male) |
| 6:19 | Build | Lumber Camp |
| 6:27 | Build | House |
| 7:01 | Create | Villager (Male) |
| 7:01 | Create | Villager (Male) |
| 7:15 | Create | Villager (Male) |
| 7:31 | Build | House |
| 7:35 | Create | Villager (Male) |
| 8:16 | Build | House |
| 8:24 | Create | Villager (Male) |
| 8:24 | Create | Villager (Male) |
| 9:04 | Build | Mill |
| 9:08 | Create | Villager (Male) |
| 9:20 | Build | Palisade Wall |
| 9:36 | Create | Villager (Male) |
| 9:41 | Build | House |
| 10:31 | Build | Palisade Gate |
| 10:33 | Build | Palisade Wall |
| 10:34 | Create | Villager (Male) |
| 10:36 | Create | Villager (Male) |
| 10:41 | Build | Palisade Wall |
| 10:42 | Build | Palisade Wall |
| 11:25 | Create | Villager (Male) |
| 11:26 | Create | Villager (Male) |
| 11:35 | Build | Palisade Wall |
| 11:40 | Build | Palisade Wall |
| 11:54 | Research | Feudal Age |
| 12:05 | Build | Barracks |
| 12:45 | Build | House |
| 13:23 | Create | Villager (Male) |
| 13:23 | Create | Villager (Male) |
| 14:05 | Age | Feudal Age |
| 14:10 | Build | Stable |
| 14:20 | Build | Blacksmith |
| 15:26 | Research | Castle Age |
| 15:55 | Research | Double-Bit Axe |
| 16:27 | Create | Scout Cavalry |
| 16:32 | Create | Scout Cavalry |
| 17:27 | Create | Scout Cavalry |
| 17:37 | Create | Villager (Male) |
| 17:38 | Build | House |
| 17:39 | Build | House |
| 18:06 | Age | Castle Age |
| 18:10 | Build | Farm |
| 18:10 | Build | Farm |
| 18:11 | Build | Farm |
| 18:11 | Build | Farm |
| 18:11 | Build | Farm |
| 18:16 | Create | Knight |
| 18:17 | Create | Villager (Male) |
| 18:24 | Research | Bow Saw |
| 18:48 | Create | Villager (Male) |
| 18:58 | Create | Villager (Male) |
| 19:06 | Build | Town Center |
| 19:10 | Create | Villager (Male) |
| 19:26 | Create | Villager (Male) |
| 20:03 | Create | Villager (Male) |
| 20:06 | Build | House |
| 20:10 | Create | Knight |
| 20:26 | Create | Villager (Male) |
| 20:36 | Create | Villager (Male) |
| 20:41 | Build | House |
| 20:43 | Build | House |
| 20:46 | Build | House |
| 21:05 | Create | Villager (Male) |
| 21:21 | Create | Knight |
| 21:35 | Build | Siege Workshop |
| 21:37 | Create | Villager (Male) |
| 21:59 | Create | Villager (Male) |
| 22:15 | Create | Scorpion |
| 22:22 | Create | Villager (Male) |
| 22:35 | Create | Villager (Male) |
| 22:55 | Create | Villager (Male) |
| 23:02 | Build | House |
| 23:04 | Build | House |
| 23:08 | Build | House |
| 23:14 | Build | Palisade Wall |
| 23:18 | Build | Palisade Wall |
| 23:19 | Create | Villager (Male) |
| 23:30 | Build | Farm |
| 23:31 | Build | Farm |
| 23:31 | Build | Farm |
| 23:31 | Build | Farm |
| 23:31 | Build | Farm |
| 23:31 | Build | Farm |
| 23:32 | Build | Farm |
| 23:32 | Build | Farm |
| 23:35 | Create | Villager (Male) |
| 23:48 | Create | Villager (Male) |
| 24:12 | Create | Villager (Male) |
| 24:27 | Create | Knight |
| 24:39 | Create | Villager (Male) |
| 24:59 | Create | Scorpion |
| 24:59 | Create | Scorpion |
| 24:59 | Create | Scorpion |
| 25:16 | Create | Villager (Male) |
| 25:19 | Create | Scorpion |
| 25:29 | Build | Mill |
| 25:30 | Build | Farm |
| 25:30 | Build | Farm |
| 25:30 | Build | Farm |
| 25:31 | Build | Farm |
| 25:31 | Build | Farm |
| 25:41 | Create | Scorpion |
| 25:45 | Create | Villager (Male) |
| 25:49 | Create | Scorpion |
| 26:09 | Build | Town Center |
| 26:37 | Create | Villager (Male) |
| 26:43 | Create | Villager (Male) |
| 26:53 | Create | Scorpion |
| 26:57 | Create | Villager (Male) |
| 27:01 | Create | Scorpion |
| 27:10 | Create | Scorpion |
| 27:11 | Create | Villager (Male) |
| 27:46 | Create | Villager (Male) |
| 27:47 | Create | Villager (Male) |
| 27:59 | Create | Scorpion |
| 28:03 | Build | Farm |
| 28:15 | Create | Villager (Male) |
| 28:22 | Build | Market |
| 28:22 | Create | Villager (Male) |
| 28:46 | Create | Villager (Male) |
| 28:56 | Create | Villager (Male) |
| 29:10 | Build | Lumber Camp |
| 29:12 | Create | Scorpion |
| 29:17 | Create | Villager (Male) |
| 29:21 | Build | Town Center |
| 29:30 | Build | Farm |
| 29:33 | Create | Villager (Male) |
| 29:33 | Create | Villager (Male) |
| 29:37 | Create | Villager (Male) ×5 |
| 29:51 | Build | House |
| 29:52 | Build | House |
| 29:52 | Build | House |
| 29:52 | Build | House |
| 29:53 | Create | Villager (Male) |
Build order — Sérgio's
First 150 of 390 actions detected
| 0:06 | Build | Town Center |
| 1:24 | Build | House |
| 2:07 | Build | House |
| 2:22 | Build | House |
| 2:34 | Build | Palisade Wall |
| 2:45 | Research | Loom |
| 3:15 | Create | Villager (Male) |
| 3:37 | Create | Villager (Male) |
| 4:02 | Create | Villager (Male) |
| 4:02 | Create | Villager (Male) |
| 4:25 | Create | Villager (Male) |
| 4:56 | Create | Villager (Male) |
| 5:11 | Create | Villager (Male) |
| 5:21 | Create | Villager (Male) |
| 5:49 | Create | Villager (Male) |
| 6:21 | Create | Villager (Male) |
| 6:23 | Create | Villager (Male) |
| 6:24 | Create | Villager (Male) |
| 6:40 | Build | Lumber Camp |
| 6:47 | Create | Villager (Male) |
| 7:25 | Create | Villager (Male) |
| 7:45 | Create | Villager (Male) |
| 8:17 | Create | Villager (Male) |
| 8:19 | Build | House |
| 8:45 | Create | Villager (Male) |
| 9:04 | Create | Villager (Male) |
| 9:44 | Build | Mining Camp |
| 9:51 | Create | Villager (Male) |
| 10:36 | Build | Mill |
| 10:47 | Research | Feudal Age |
| 11:23 | Build | House |
| 11:33 | Build | Outpost |
| 11:40 | Build | Palisade Wall |
| 11:43 | Build | Palisade Wall |
| 11:44 | Build | Palisade Wall |
| 11:46 | Build | Palisade Wall |
| 11:46 | Build | Palisade Wall |
| 11:47 | Build | Palisade Wall |
| 11:47 | Build | Palisade Wall |
| 11:48 | Build | Palisade Wall |
| 12:57 | Create | Villager (Male) |
| 12:57 | Age | Feudal Age |
| 13:03 | Build | Market |
| 13:13 | Create | Villager (Male) |
| 13:36 | Build | Blacksmith |
| 13:50 | Create | Villager (Male) |
| 14:10 | Research | Castle Age |
| 14:38 | Research | Double-Bit Axe |
| 15:15 | Build | Mining Camp |
| 15:23 | Research | Fletching |
| 15:23 | Research | Fletching |
| 16:35 | Build | Stone Wall |
| 16:37 | Build | Stone Wall |
| 16:44 | Build | House |
| 16:53 | Create | Villager (Male) |
| 16:55 | Age | Castle Age |
| 17:13 | Build | Castle |
| 17:26 | Create | Villager (Male) |
| 17:39 | Create | Villager (Male) |
| 18:05 | Create | Villager (Male) |
| 18:15 | Create | Chu Ko Nu |
| 18:15 | Create | Chu Ko Nu |
| 18:25 | Create | Villager (Male) |
| 18:31 | Create | Chu Ko Nu |
| 18:33 | Create | Chu Ko Nu |
| 18:44 | Create | Villager (Male) |
| 18:46 | Build | Town Center |
| 19:05 | Create | Chu Ko Nu |
| 19:06 | Create | Chu Ko Nu |
| 19:10 | Create | Villager (Male) |
| 19:28 | Create | Chu Ko Nu |
| 19:38 | Create | Villager (Male) |
| 19:42 | Create | Villager (Male) |
| 19:42 | Create | Chu Ko Nu |
| 19:51 | Build | Farm |
| 19:51 | Build | Farm |
| 20:10 | Create | Villager (Male) |
| 20:17 | Create | Chu Ko Nu |
| 20:30 | Create | Villager (Male) |
| 20:32 | Create | Chu Ko Nu |
| 20:33 | Create | Villager (Male) |
| 20:56 | Create | Villager (Male) |
| 20:58 | Create | Villager (Male) |
| 21:00 | Create | Chu Ko Nu |
| 21:01 | Create | Chu Ko Nu |
| 21:02 | Create | Villager (Male) |
| 21:18 | Create | Villager (Male) |
| 21:24 | Create | Villager (Male) |
| 21:28 | Create | Chu Ko Nu |
| 21:49 | Create | Villager (Male) |
| 21:50 | Create | Villager (Male) |
| 21:52 | Create | Chu Ko Nu |
| 22:19 | Create | Villager (Male) |
| 22:24 | Create | Villager (Male) |
| 22:26 | Research | Bow Saw |
| 22:28 | Create | Villager (Male) |
| 22:40 | Build | Mill |
| 22:40 | Create | Villager (Male) |
| 22:50 | Research | Bodkin Arrow |
| 22:51 | Create | Villager (Male) |
| 22:51 | Create | Villager (Male) |
| 22:54 | Create | Villager (Male) |
| 23:07 | Create | Villager (Male) |
| 23:07 | Create | Villager (Male) |
| 23:21 | Build | Lumber Camp |
| 23:25 | Create | Villager (Male) |
| 23:27 | Research | Padded Archer Armor |
| 23:35 | Create | Villager (Male) |
| 23:36 | Create | Villager (Male) |
| 23:50 | Create | Chu Ko Nu |
| 23:51 | Create | Chu Ko Nu |
| 23:54 | Build | Palisade Wall |
| 23:55 | Build | Palisade Wall |
| 24:01 | Build | House |
| 24:06 | Create | Villager (Male) |
| 24:16 | Create | Villager (Male) |
| 24:22 | Create | Chu Ko Nu |
| 24:22 | Create | Chu Ko Nu |
| 24:25 | Create | Villager (Male) |
| 24:35 | Create | Villager (Male) |
| 24:38 | Research | Horse Collar |
| 24:39 | Create | Villager (Male) |
| 25:03 | Create | Villager (Male) |
| 25:04 | Create | Villager (Male) |
| 25:07 | Create | Chu Ko Nu |
| 25:13 | Create | Villager (Male) |
| 25:14 | Build | House |
| 25:14 | Build | House |
| 25:15 | Build | House |
| 25:24 | Research | Wheelbarrow |
| 25:29 | Create | Villager (Male) |
| 25:30 | Build | Town Center |
| 25:41 | Research | Town Watch |
| 25:42 | Create | Villager (Male) |
| 25:44 | Create | Chu Ko Nu |
| 25:48 | Research | Heavy Plow |
| 25:49 | Create | Villager (Male) |
| 26:08 | Create | Villager (Male) |
| 26:23 | Create | Villager (Male) |
| 26:35 | Create | Chu Ko Nu |
| 26:36 | Create | Chu Ko Nu |
| 26:38 | Create | Villager (Male) |
| 26:43 | Build | Lumber Camp |
| 26:47 | Build | Mining Camp |
| 26:48 | Create | Villager (Male) |
| 26:49 | Create | Villager (Male) |
| 26:51 | Create | Villager (Male) |
| 26:52 | Create | Villager (Male) |
| 27:03 | Create | Chu Ko Nu |
| 27:10 | Create | Villager (Male) |
Build order — SSx_KakashiXxX
146 actions detected in the replay
| 0:20 | Build | Town Center |
| 2:26 | Build | House |
| 2:27 | Create | Villager (Male) |
| 2:27 | Create | Villager (Male) |
| 2:28 | Create | Villager (Male) |
| 2:40 | Create | Villager (Male) |
| 3:14 | Research | Loom |
| 3:17 | Create | Villager (Male) |
| 3:34 | Create | Villager (Male) |
| 3:52 | Create | Villager (Male) |
| 4:37 | Create | Villager (Male) |
| 4:59 | Build | House |
| 5:01 | Build | House |
| 5:12 | Build | House |
| 5:22 | Create | Villager (Male) |
| 5:22 | Create | Villager (Male) |
| 5:44 | Create | Villager (Male) |
| 5:51 | Build | Lumber Camp |
| 6:05 | Build | Palisade Wall |
| 6:11 | Create | Villager (Male) |
| 6:11 | Create | Villager (Male) |
| 6:32 | Create | Villager (Male) |
| 6:34 | Create | Villager (Male) |
| 6:44 | Build | House |
| 7:23 | Create | Villager (Male) |
| 7:38 | Create | Villager (Male) |
| 7:49 | Create | Villager (Male) |
| 8:12 | Build | Palisade Gate |
| 8:22 | Build | Palisade Wall |
| 8:23 | Build | Palisade Wall |
| 8:30 | Create | Villager (Male) |
| 8:40 | Create | Villager (Male) |
| 8:55 | Create | Villager (Male) |
| 8:59 | Create | Villager (Male) |
| 9:13 | Create | Villager (Male) |
| 9:36 | Create | Villager (Male) |
| 9:56 | Build | Barracks |
| 10:44 | Build | House |
| 10:47 | Research | Feudal Age |
| 11:03 | Create | Militia |
| 11:03 | Create | Militia |
| 11:28 | Create | Militia |
| 12:06 | Create | Villager (Male) |
| 12:27 | Build | Mining Camp |
| 12:32 | Create | Militia |
| 12:57 | Age | Feudal Age |
| 13:02 | Create | Villager (Male) |
| 13:18 | Research | Man-at-Arms (upgrade) |
| 13:18 | Research | Man-at-Arms (upgrade) |
| 13:44 | Build | Watch Tower |
| 13:48 | Create | Militia |
| 13:53 | Research | Arson |
| 13:56 | Build | House |
| 14:19 | Build | Stone Wall |
| 14:20 | Build | Stone Wall |
| 14:21 | Build | Stone Wall |
| 14:21 | Build | Stone Wall |
| 14:30 | Build | House |
| 14:31 | Build | Palisade Wall |
| 14:39 | Build | Palisade Wall |
| 15:13 | Build | Palisade Gate |
| 15:22 | Create | Villager (Male) |
| 15:22 | Create | Villager (Male) |
| 15:37 | Build | Archery Range |
| 15:40 | Build | Palisade Wall |
| 15:57 | Build | Stone Wall |
| 16:18 | Build | Outpost |
| 16:32 | Build | Mill |
| 16:35 | Create | Archer |
| 16:46 | Build | Palisade Wall |
| 16:47 | Build | Palisade Gate |
| 16:51 | Build | House |
| 16:52 | Build | Palisade Wall |
| 17:10 | Create | Villager (Male) |
| 17:12 | Create | Archer |
| 18:03 | Create | Archer |
| 18:22 | Build | Lumber Camp |
| 18:43 | Build | Palisade Wall |
| 19:17 | Create | Archer |
| 19:35 | Build | Blacksmith |
| 19:49 | Build | Palisade Wall |
| 19:50 | Build | Palisade Wall |
| 19:51 | Build | Palisade Wall |
| 21:52 | Build | Mining Camp |
| 21:57 | Build | Town Center |
| 23:05 | Create | Archer |
| 23:06 | Create | Archer |
| 23:06 | Create | Archer |
| 25:42 | Create | Villager (Male) |
| 25:44 | Create | Archer |
| 26:14 | Build | Mill |
| 27:13 | Create | Villager (Male) |
| 28:07 | Create | Villager (Male) |
| 28:54 | Create | Villager (Male) |
| 29:33 | Create | Villager (Male) |
| 29:33 | Create | Villager (Male) |
| 30:09 | Create | Villager (Male) |
| 30:09 | Create | Villager (Male) |
| 30:40 | Create | Villager (Male) |
| 30:47 | Create | Villager (Male) |
| 30:47 | Create | Villager (Male) |
| 30:54 | Build | Farm |
| 30:56 | Build | Farm |
| 31:17 | Create | Villager (Male) |
| 31:42 | Create | Villager (Male) |
| 32:26 | Build | Mill |
| 32:48 | Create | Villager (Male) |
| 32:48 | Create | Villager (Male) |
| 33:11 | Create | Villager (Male) |
| 33:41 | Create | Villager (Male) |
| 33:41 | Create | Villager (Male) |
| 34:00 | Create | Villager (Male) |
| 34:01 | Create | Villager (Male) |
| 34:13 | Create | Villager (Male) |
| 34:13 | Create | Villager (Male) |
| 34:44 | Create | Villager (Male) |
| 34:52 | Build | Farm |
| 34:53 | Build | Farm |
| 34:54 | Build | Farm |
| 34:54 | Create | Villager (Male) |
| 35:01 | Create | Villager (Male) |
| 35:12 | Build | Farm |
| 35:13 | Build | Farm |
| 35:25 | Create | Villager (Male) |
| 35:43 | Create | Villager (Male) |
| 36:01 | Create | Villager (Male) |
| 36:12 | Create | Villager (Male) |
| 36:16 | Research | Double-Bit Axe |
| 36:36 | Build | Farm |
| 36:55 | Build | Mill |
| 36:58 | Create | Villager (Male) |
| 37:05 | Create | Villager (Male) |
| 37:44 | Create | Villager (Male) |
| 37:47 | Build | Farm |
| 38:06 | Build | Farm |
| 38:07 | Build | Farm |
| 38:07 | Build | Farm |
| 38:07 | Build | Farm |
| 38:38 | Create | Villager (Male) |
| 38:44 | Build | Farm |
| 38:45 | Build | Farm |
| 38:51 | Create | Villager (Male) |
| 39:27 | Build | Mining Camp |
| 39:42 | Create | Villager (Male) |
| 39:51 | Create | Villager (Male) |
| 39:55 | Create | Villager (Male) |
Build order — Petry
First 150 of 395 actions detected
| 0:17 | Build | Town Center |
| 1:47 | Build | House |
| 1:57 | Build | House |
| 2:16 | Build | House |
| 2:30 | Create | Villager (Male) |
| 2:36 | Build | House |
| 2:41 | Create | Villager (Male) |
| 2:42 | Create | Villager (Male) |
| 2:42 | Create | Villager (Male) |
| 2:50 | Research | Loom |
| 2:51 | Research | Loom |
| 2:51 | Create | Villager (Male) |
| 2:51 | Create | Villager (Male) |
| 3:19 | Build | House |
| 4:16 | Create | Villager (Male) |
| 4:40 | Create | Villager (Male) |
| 5:00 | Build | House |
| 5:08 | Create | Villager (Male) |
| 5:39 | Create | Villager (Male) |
| 5:39 | Create | Villager (Male) |
| 6:23 | Create | Villager (Male) |
| 6:37 | Build | Lumber Camp |
| 6:43 | Create | Villager (Male) |
| 6:56 | Build | House |
| 7:08 | Build | House |
| 7:18 | Create | Villager (Male) |
| 7:18 | Create | Villager (Male) |
| 8:11 | Create | Villager (Male) |
| 8:32 | Create | Villager (Male) |
| 8:33 | Create | Villager (Male) |
| 9:07 | Create | Villager (Male) |
| 9:11 | Build | House |
| 9:15 | Create | Villager (Male) |
| 9:18 | Build | House |
| 9:37 | Create | Villager (Male) |
| 9:40 | Build | House |
| 9:52 | Build | Mill |
| 10:14 | Create | Villager (Male) |
| 10:20 | Create | Villager (Male) |
| 10:42 | Build | Barracks |
| 10:46 | Build | Palisade Wall |
| 10:54 | Build | House |
| 10:58 | Build | Palisade Wall |
| 11:02 | Create | Villager (Male) |
| 11:56 | Research | Feudal Age |
| 12:33 | Create | Villager (Male) |
| 12:33 | Create | Villager (Male) |
| 13:02 | Create | Villager (Male) |
| 13:45 | Build | House |
| 13:47 | Build | Palisade Wall |
| 13:48 | Build | Palisade Wall |
| 13:49 | Build | Palisade Wall |
| 13:49 | Build | Palisade Wall |
| 14:11 | Age | Feudal Age |
| 14:12 | Build | Stable |
| 14:14 | Build | Blacksmith |
| 14:23 | Research | Double-Bit Axe |
| 14:46 | Build | Mining Camp |
| 14:58 | Research | Castle Age |
| 15:03 | Create | Scout Cavalry |
| 15:18 | Create | Scout Cavalry |
| 15:32 | Research | Horse Collar |
| 15:42 | Create | Scout Cavalry |
| 15:42 | Create | Scout Cavalry |
| 16:10 | Build | Farm |
| 16:14 | Build | Farm |
| 16:18 | Build | Farm |
| 16:22 | Create | Scout Cavalry |
| 16:28 | Research | Bloodlines |
| 16:29 | Research | Bloodlines |
| 16:30 | Create | Scout Cavalry |
| 16:46 | Build | Farm |
| 16:48 | Build | Farm |
| 16:50 | Build | Farm |
| 16:52 | Create | Villager (Male) |
| 17:12 | Create | Scout Cavalry |
| 17:41 | Age | Castle Age |
| 17:46 | Research | Light Cavalry (upgrade) |
| 18:13 | Create | Knight |
| 18:15 | Create | Villager (Male) |
| 18:15 | Create | Villager (Male) |
| 18:24 | Build | Town Center |
| 18:51 | Create | Camel Scout |
| 18:57 | Create | Villager (Male) |
| 18:58 | Create | Villager (Male) |
| 19:03 | Create | Villager (Male) |
| 19:08 | Build | House |
| 19:09 | Build | House |
| 19:59 | Create | Villager (Male) |
| 19:59 | Create | Villager (Male) |
| 20:13 | Create | Villager (Male) |
| 20:16 | Create | Villager (Male) |
| 20:26 | Create | Villager (Male) |
| 20:26 | Create | Villager (Male) |
| 20:26 | Create | Villager (Male) |
| 20:27 | Create | Villager (Male) |
| 20:34 | Create | Villager (Male) |
| 20:37 | Create | Camel Scout |
| 20:37 | Create | Camel Scout |
| 20:50 | Create | Camel Scout |
| 21:05 | Create | Villager (Male) |
| 21:23 | Build | Town Center |
| 21:37 | Create | Villager (Male) |
| 21:40 | Build | Farm |
| 21:50 | Create | Villager (Male) |
| 21:59 | Research | Scale Barding Armor |
| 22:00 | Create | Villager (Male) |
| 22:18 | Create | Camel Scout |
| 22:27 | Build | Farm |
| 22:28 | Build | Farm |
| 22:29 | Build | Farm |
| 22:30 | Build | Farm |
| 22:30 | Build | Farm |
| 22:31 | Create | Villager (Male) |
| 22:46 | Create | Villager (Male) |
| 23:06 | Create | Villager (Male) |
| 23:06 | Create | Villager (Male) |
| 23:06 | Create | Villager (Male) |
| 23:08 | Build | Monastery |
| 23:28 | Create | Villager (Male) |
| 23:28 | Create | Villager (Male) |
| 23:30 | Create | Camel Scout |
| 23:30 | Create | Camel Scout |
| 23:30 | Create | Camel Scout |
| 23:31 | Create | Camel Scout |
| 23:36 | Build | Lumber Camp |
| 23:40 | Create | Villager (Male) |
| 23:55 | Create | Monk |
| 23:57 | Create | Monk |
| 24:02 | Create | Camel Scout |
| 24:06 | Research | Forging |
| 24:15 | Create | Villager (Male) |
| 24:22 | Create | Camel Scout |
| 24:29 | Build | House |
| 24:29 | Build | House |
| 24:30 | Build | House |
| 24:32 | Build | Farm |
| 24:33 | Build | Farm |
| 24:47 | Research | Wheelbarrow |
| 24:55 | Create | Villager (Male) |
| 24:59 | Build | Farm |
| 25:02 | Build | Farm |
| 25:03 | Build | Farm |
| 25:03 | Build | Farm |
| 25:09 | Create | Monk |
| 25:24 | Create | Villager (Male) |
| 25:24 | Create | Villager (Male) |
| 25:25 | Create | Villager (Male) |
| 25:26 | Create | Villager (Male) |
| 25:44 | Create | Camel Scout |
Build order — Arabeiro
First 150 of 233 actions detected
| 0:06 | Build | Town Center |
| 2:09 | Build | House |
| 2:14 | Create | Villager (Male) |
| 2:15 | Create | Villager (Male) |
| 2:15 | Create | Villager (Male) |
| 2:49 | Build | House |
| 3:01 | Build | House |
| 3:15 | Build | House |
| 3:31 | Create | Villager (Male) |
| 3:31 | Create | Villager (Male) |
| 3:52 | Build | House |
| 4:00 | Research | Loom |
| 4:33 | Create | Villager (Male) |
| 4:33 | Create | Villager (Male) |
| 5:11 | Build | House |
| 5:17 | Create | Villager (Male) |
| 5:17 | Create | Villager (Male) |
| 5:44 | Build | Lumber Camp |
| 5:45 | Create | Villager (Male) |
| 5:49 | Create | Villager (Male) |
| 6:06 | Build | Palisade Wall |
| 6:23 | Build | Palisade Wall |
| 6:47 | Build | Palisade Wall |
| 6:48 | Create | Villager (Male) |
| 7:04 | Build | House |
| 7:06 | Build | Palisade Wall |
| 7:22 | Create | Villager (Male) |
| 7:23 | Create | Villager (Male) |
| 7:35 | Create | Villager (Male) |
| 7:55 | Build | House |
| 8:03 | Create | Villager (Male) |
| 8:07 | Build | House |
| 8:35 | Build | House |
| 9:01 | Create | Villager (Male) |
| 9:20 | Create | Villager (Male) |
| 9:29 | Build | Palisade Wall |
| 9:31 | Build | Palisade Wall |
| 9:32 | Build | Palisade Wall |
| 9:40 | Build | Mill |
| 9:48 | Create | Villager (Male) |
| 10:07 | Build | Mining Camp |
| 10:10 | Create | Villager (Male) |
| 10:37 | Create | Villager (Male) |
| 11:04 | Research | Feudal Age |
| 11:27 | Build | House |
| 12:06 | Build | Palisade Wall |
| 12:10 | Build | Barracks |
| 13:23 | Create | Villager (Male) |
| 13:23 | Create | Villager (Male) |
| 13:23 | Age | Feudal Age |
| 13:26 | Build | Archery Range |
| 13:46 | Build | Palisade Wall |
| 13:49 | Build | Palisade Wall |
| 13:56 | Create | Villager (Male) |
| 14:06 | Build | Blacksmith |
| 14:25 | Build | Palisade Wall |
| 14:41 | Create | Villager (Male) |
| 14:43 | Research | Castle Age |
| 14:49 | Build | Palisade Wall |
| 14:53 | Build | Palisade Gate |
| 15:06 | Research | Double-Bit Axe |
| 15:16 | Build | Palisade Wall |
| 15:18 | Build | Palisade Wall |
| 15:43 | Research | Fletching |
| 15:55 | Build | House |
| 16:15 | Build | Archery Range |
| 17:08 | Build | Archery Range |
| 17:24 | Age | Castle Age |
| 17:27 | Create | Cavalry Archer |
| 17:27 | Create | Cavalry Archer |
| 17:30 | Create | Villager (Male) |
| 17:33 | Research | Bodkin Arrow |
| 17:36 | Create | Villager (Male) |
| 17:38 | Create | Villager (Male) |
| 17:44 | Create | Cavalry Archer |
| 17:47 | Create | Cavalry Archer |
| 17:57 | Build | House |
| 17:58 | Build | Palisade Wall |
| 18:12 | Create | Cavalry Archer |
| 18:26 | Create | Villager (Male) |
| 18:49 | Create | Cavalry Archer |
| 18:53 | Research | Padded Archer Armor |
| 18:54 | Create | Cavalry Archer |
| 19:00 | Build | Mining Camp |
| 19:29 | Create | Cavalry Archer |
| 19:31 | Create | Villager (Male) |
| 19:53 | Create | Cavalry Archer |
| 19:56 | Create | Villager (Male) |
| 20:01 | Build | House |
| 20:05 | Build | University |
| 20:42 | Create | Cavalry Archer |
| 20:43 | Create | Cavalry Archer |
| 21:16 | Create | Villager (Male) |
| 21:17 | Create | Cavalry Archer |
| 21:18 | Create | Cavalry Archer |
| 21:18 | Create | Cavalry Archer |
| 21:21 | Build | House |
| 21:53 | Create | Cavalry Archer |
| 21:54 | Create | Cavalry Archer |
| 22:07 | Build | Siege Workshop |
| 22:13 | Create | Villager (Male) |
| 22:13 | Create | Villager (Male) |
| 22:18 | Research | Gold Mining |
| 22:37 | Create | Scorpion |
| 22:37 | Create | Scorpion |
| 22:46 | Create | Cavalry Archer |
| 22:49 | Create | Villager (Male) |
| 22:56 | Build | Farm |
| 22:56 | Build | Farm |
| 23:11 | Create | Cavalry Archer |
| 23:12 | Create | Cavalry Archer |
| 23:17 | Build | House |
| 23:38 | Create | Scorpion |
| 24:00 | Build | Farm |
| 24:01 | Build | Farm |
| 24:13 | Create | Cavalry Archer |
| 24:27 | Create | Cavalry Archer |
| 24:27 | Create | Cavalry Archer |
| 24:27 | Create | Cavalry Archer |
| 25:03 | Create | Cavalry Archer |
| 25:04 | Create | Villager (Male) |
| 25:06 | Create | Cavalry Archer |
| 25:09 | Build | House |
| 25:33 | Create | Villager (Male) |
| 25:40 | Create | Battering Ram |
| 26:02 | Create | Villager (Male) |
| 26:05 | Create | Villager (Male) |
| 26:13 | Research | Ballistics |
| 26:39 | Create | Villager (Male) |
| 26:57 | Create | Battering Ram |
| 27:06 | Create | Villager (Male) |
| 27:13 | Create | Scorpion |
| 28:05 | Create | Villager (Male) |
| 28:10 | Create | Battering Ram |
| 28:16 | Create | Cavalry Archer |
| 28:16 | Create | Cavalry Archer |
| 28:16 | Create | Cavalry Archer |
| 28:18 | Create | Cavalry Archer |
| 28:22 | Build | Lumber Camp |
| 28:28 | Create | Villager (Male) |
| 29:18 | Create | Villager (Male) |
| 29:20 | Create | Villager (Male) |
| 29:31 | Create | Villager (Male) |
| 29:41 | Build | Town Center |
| 29:49 | Create | Mangonel |
| 29:52 | Create | Villager (Male) |
| 30:14 | Create | Mangonel |
| 30:22 | Build | Mining Camp |
| 30:51 | Create | Villager (Male) |
| 31:00 | Create | Villager (Male) |
Build order — SS_Snap
First 150 of 287 actions detected
| 0:25 | Build | Town Center |
| 1:38 | Build | House |
| 2:32 | Create | Villager (Male) |
| 2:32 | Create | Villager (Male) |
| 2:32 | Create | Villager (Male) |
| 2:33 | Create | Villager (Male) |
| 2:47 | Build | House |
| 4:04 | Create | Villager (Male) |
| 4:26 | Create | Villager (Male) |
| 4:27 | Create | Villager (Male) |
| 4:27 | Create | Villager (Male) |
| 4:31 | Build | House |
| 5:18 | Create | Villager (Male) |
| 5:18 | Create | Villager (Male) |
| 5:35 | Build | Lumber Camp |
| 5:40 | Build | House |
| 6:02 | Build | House |
| 6:11 | Build | House |
| 6:21 | Create | Villager (Male) |
| 6:21 | Create | Villager (Male) |
| 6:21 | Create | Villager (Male) |
| 7:11 | Build | House |
| 7:26 | Create | Villager (Male) |
| 7:26 | Create | Villager (Male) |
| 7:46 | Create | Villager (Male) |
| 7:59 | Create | Villager (Male) |
| 8:05 | Build | Mill |
| 8:28 | Create | Villager (Male) |
| 8:33 | Build | House |
| 9:08 | Create | Villager (Male) |
| 9:24 | Create | Villager (Male) |
| 9:26 | Research | Loom |
| 10:28 | Research | Feudal Age |
| 10:28 | Research | Feudal Age |
| 10:39 | Build | House |
| 10:50 | Build | House |
| 11:09 | Build | House |
| 11:31 | Build | House |
| 11:45 | Build | House |
| 12:20 | Create | Villager (Male) |
| 12:27 | Build | Palisade Wall |
| 12:28 | Build | Palisade Wall |
| 12:31 | Build | Palisade Wall |
| 12:38 | Build | Palisade Wall |
| 12:39 | Build | Palisade Wall |
| 12:41 | Age | Feudal Age |
| 12:46 | Build | House |
| 12:50 | Create | Villager (Male) |
| 12:53 | Build | Market |
| 13:17 | Build | Blacksmith |
| 13:19 | Create | Villager (Male) |
| 13:29 | Build | Palisade Gate |
| 13:39 | Create | Villager (Male) |
| 14:35 | Research | Castle Age |
| 14:59 | Build | Barracks |
| 15:11 | Research | Double-Bit Axe |
| 15:56 | Build | Stable |
| 15:58 | Build | House |
| 16:16 | Research | Scale Barding Armor |
| 17:05 | Create | Villager (Male) |
| 17:15 | Age | Castle Age |
| 17:17 | Create | Villager (Male) |
| 17:21 | Create | Knight |
| 17:21 | Create | Knight |
| 17:22 | Create | Knight |
| 17:38 | Build | Town Center |
| 17:44 | Create | Villager (Male) |
| 17:49 | Build | House |
| 17:58 | Create | Villager (Male) |
| 18:22 | Create | Villager (Male) |
| 18:24 | Create | Knight |
| 18:41 | Create | Villager (Male) |
| 18:59 | Research | Husbandry |
| 19:14 | Create | Villager (Male) |
| 19:18 | Create | Villager (Male) |
| 19:21 | Build | Farm |
| 19:33 | Create | Villager (Male) |
| 19:35 | Create | Villager (Male) |
| 19:36 | Build | Farm |
| 19:40 | Build | House |
| 19:52 | Create | Villager (Male) |
| 19:55 | Create | Villager (Male) |
| 19:57 | Build | Farm |
| 19:58 | Build | House |
| 20:01 | Create | Knight |
| 20:02 | Create | Knight |
| 20:17 | Build | Farm |
| 20:18 | Create | Villager (Male) |
| 20:20 | Build | Farm |
| 20:30 | Build | Farm |
| 20:51 | Create | Knight |
| 20:52 | Create | Villager (Male) |
| 20:54 | Build | Farm |
| 20:55 | Build | Farm |
| 20:56 | Build | Farm |
| 21:00 | Create | Knight |
| 21:13 | Create | Villager (Male) |
| 21:17 | Build | Farm |
| 21:30 | Create | Knight |
| 21:30 | Create | Knight |
| 21:30 | Create | Villager (Male) |
| 21:38 | Create | Villager (Male) |
| 21:50 | Create | Villager (Male) |
| 21:53 | Build | Farm |
| 22:14 | Create | Knight |
| 22:15 | Create | Villager (Male) |
| 22:18 | Build | Farm |
| 22:19 | Build | House |
| 22:19 | Build | House |
| 22:50 | Create | Knight |
| 23:13 | Create | Villager (Male) |
| 23:15 | Build | Farm |
| 23:16 | Create | Villager (Male) |
| 23:44 | Create | Villager (Male) |
| 23:47 | Create | Knight |
| 23:47 | Create | Knight |
| 23:48 | Create | Villager (Male) |
| 23:48 | Create | Villager (Male) |
| 23:49 | Create | Villager (Male) |
| 23:51 | Build | Farm |
| 23:56 | Create | Villager (Male) |
| 23:57 | Create | Villager (Male) |
| 24:13 | Create | Villager (Male) |
| 24:14 | Build | Farm |
| 24:22 | Build | House |
| 24:23 | Build | House |
| 24:33 | Build | House |
| 24:41 | Build | Farm |
| 24:46 | Research | Wheelbarrow |
| 24:54 | Build | Farm |
| 24:57 | Create | Villager (Male) |
| 25:16 | Research | Forging |
| 25:16 | Research | Forging |
| 25:18 | Create | Villager (Male) |
| 25:34 | Create | Villager (Male) |
| 25:35 | Create | Villager (Male) |
| 25:37 | Build | Farm |
| 25:54 | Research | Chain Barding Armor |
| 26:02 | Create | Knight |
| 26:08 | Build | House |
| 26:09 | Build | House |
| 26:17 | Build | Farm |
| 26:22 | Build | Town Center |
| 26:32 | Create | Knight ×3 |
| 26:36 | Create | Villager (Male) |
| 26:38 | Build | Farm |
| 26:50 | Build | Monastery |
| 26:56 | Create | Villager (Male) |
| 26:57 | Create | Villager (Male) |
| 26:57 | Create | Villager (Male) |
Build order — Biel
First 150 of 306 actions detected
| 0:56 | Build | Town Center |
| 3:04 | Create | Villager (Male) |
| 3:09 | Build | House |
| 3:14 | Create | Villager (Male) |
| 3:15 | Create | Villager (Male) |
| 3:16 | Create | Villager (Male) |
| 3:58 | Build | House |
| 4:03 | Create | Villager (Male) |
| 4:11 | Build | House |
| 4:20 | Build | Palisade Wall |
| 4:26 | Build | Palisade Wall |
| 4:29 | Build | Palisade Wall |
| 4:33 | Create | Villager (Male) |
| 5:14 | Build | House |
| 5:29 | Create | Villager (Male) |
| 5:29 | Create | Villager (Male) |
| 6:13 | Build | Settlement |
| 6:16 | Create | Villager (Male) |
| 6:44 | Create | Villager (Male) |
| 6:44 | Create | Villager (Male) |
| 6:50 | Create | Villager (Male) |
| 6:52 | Create | Villager (Male) |
| 7:45 | Build | Palisade Wall |
| 7:56 | Build | Palisade Wall |
| 8:11 | Create | Villager (Male) |
| 8:12 | Create | Villager (Male) |
| 8:21 | Create | Villager (Male) |
| 8:21 | Create | Villager (Male) |
| 8:22 | Create | Villager (Male) |
| 8:32 | Build | Settlement |
| 8:50 | Create | Villager (Male) |
| 10:59 | Research | Loom |
| 10:59 | Research | Feudal Age |
| 11:04 | Build | Settlement |
| 12:46 | Create | Villager (Male) |
| 12:46 | Create | Villager (Male) |
| 13:27 | Build | Palisade Wall |
| 13:34 | Age | Feudal Age |
| 13:36 | Build | Market |
| 13:37 | Build | Blacksmith |
| 13:39 | Build | Palisade Wall |
| 13:42 | Build | Palisade Wall |
| 13:45 | Build | Palisade Wall |
| 14:08 | Research | Double-Bit Axe |
| 14:24 | Research | Castle Age |
| 14:30 | Build | House |
| 15:18 | Research | Fletching |
| 16:07 | Research | Padded Archer Armor |
| 16:08 | Create | Villager (Male) |
| 17:04 | Age | Castle Age |
| 17:10 | Build | Castle |
| 17:15 | Research | Bow Saw |
| 17:20 | Build | Town Center |
| 17:33 | Create | Villager (Male) |
| 17:50 | Create | Villager (Male) |
| 18:01 | Build | University |
| 18:21 | Create | Villager (Male) |
| 18:27 | Build | Settlement |
| 18:40 | Create | Unit 2562 |
| 18:40 | Create | Villager (Male) |
| 18:43 | Create | Villager (Male) |
| 18:49 | Create | Unit 2562 |
| 18:59 | Create | Unit 2562 |
| 19:08 | Create | Villager (Male) |
| 19:23 | Create | Unit 2562 |
| 19:39 | Create | Villager (Male) |
| 19:48 | Create | Villager (Male) |
| 20:31 | Create | Unit 2562 |
| 20:34 | Research | Bodkin Arrow |
| 20:36 | Create | Unit 2562 |
| 20:52 | Create | Villager (Male) |
| 21:08 | Create | Villager (Male) |
| 21:13 | Research | Ballistics |
| 21:16 | Build | Settlement |
| 21:28 | Create | Unit 2562 |
| 21:31 | Create | Villager (Male) |
| 21:46 | Create | Villager (Male) |
| 22:00 | Build | Farm |
| 22:05 | Create | Unit 2562 |
| 22:08 | Create | Villager (Male) |
| 22:15 | Build | Farm |
| 22:15 | Create | Villager (Male) |
| 22:20 | Build | Farm |
| 22:21 | Build | Farm |
| 22:25 | Build | Farm |
| 22:37 | Create | Villager (Male) |
| 22:38 | Create | Unit 2562 |
| 22:46 | Build | Farm |
| 23:03 | Create | Unit 2562 |
| 23:04 | Create | Villager (Male) |
| 23:05 | Create | Villager (Male) |
| 23:25 | Build | Farm |
| 23:26 | Build | Farm |
| 23:27 | Create | Unit 2562 |
| 23:35 | Create | Villager (Male) |
| 23:35 | Create | Villager (Male) |
| 23:57 | Research | Leather Archer Armor |
| 23:58 | Research | Leather Archer Armor |
| 24:05 | Create | Villager (Male) |
| 24:08 | Build | Farm |
| 24:09 | Build | Farm |
| 24:11 | Create | Villager (Male) |
| 24:22 | Create | Villager (Male) |
| 24:31 | Create | Villager (Male) |
| 24:34 | Create | Unit 2562 |
| 24:39 | Build | Farm |
| 24:49 | Research | Horse Collar |
| 24:55 | Create | Unit 2562 |
| 24:59 | Create | Villager (Male) |
| 25:10 | Create | Villager (Male) |
| 25:17 | Create | Unit 2562 |
| 25:18 | Create | Villager (Male) |
| 25:23 | Create | Villager (Male) |
| 25:31 | Create | Unit 2562 |
| 25:38 | Create | Villager (Male) |
| 25:52 | Build | House |
| 25:54 | Research | Stone Mining |
| 26:01 | Create | Villager (Male) |
| 26:05 | Create | Villager (Male) |
| 26:08 | Create | Unit 2562 |
| 26:14 | Create | Villager (Male) |
| 26:21 | Create | Villager (Male) |
| 26:23 | Create | Unit 2562 |
| 26:31 | Create | Villager (Male) |
| 26:38 | Create | Unit 2562 |
| 26:44 | Create | Villager (Male) |
| 26:46 | Build | Farm |
| 26:49 | Create | Villager (Male) |
| 27:02 | Create | Villager (Male) |
| 27:02 | Create | Unit 2562 |
| 27:04 | Create | Villager (Male) |
| 27:16 | Create | Villager (Male) |
| 27:17 | Create | Villager (Male) |
| 27:20 | Build | Settlement |
| 27:21 | Create | Unit 2562 |
| 27:28 | Create | Villager (Male) |
| 27:49 | Create | Villager (Male) |
| 27:57 | Create | Villager (Male) |
| 27:59 | Build | Town Center |
| 28:14 | Research | Wheelbarrow |
| 28:14 | Research | Town Watch |
| 28:16 | Create | Villager (Male) |
| 28:18 | Create | Villager (Male) |
| 28:23 | Create | Unit 2562 |
| 28:25 | Create | Unit 2562 |
| 28:36 | Create | Villager (Male) |
| 28:37 | Build | Farm |
| 28:37 | Create | Villager (Male) |
| 28:49 | Create | Villager (Male) |
| 28:50 | Create | Villager (Male) |
Match timeline
| 2:34 | Sérgio's · wall_segment Palisade Wall x1 |
| 3:18 | Gomes · wall_segment Palisade Wall x1 |
| 4:20 | Biel · wall_segment Palisade Wall x1 |
| 4:26 | Biel · wall_segment Palisade Wall x1 |
| 4:29 | Biel · wall_segment Palisade Wall x1 |
| 6:05 | SSx_KakashiXxX · wall_segment Palisade Wall x1 |
| 6:06 | Arabeiro · wall_segment Palisade Wall x1 |
| 6:23 | Arabeiro · wall_segment Palisade Wall x1 |
| 6:47 | Arabeiro · wall_segment Palisade Wall x1 |
| 7:06 | Arabeiro · wall_segment Palisade Wall x3 |
| 7:24 | SS_Bart · wall_segment Palisade Wall x1 |
| 7:45 | Biel · wall_segment Palisade Wall x1 |
| 7:56 | Biel · wall_segment Palisade Wall x1 |
| 8:22 | SSx_KakashiXxX · wall_segment Palisade Wall x1 |
| 8:23 | SSx_KakashiXxX · wall_segment Palisade Wall x1 |
| 8:59 | SS_Bart · wall_segment Palisade Wall x1 |
| 9:20 | Gomes · wall_segment Palisade Wall x2 |
| 9:29 | Arabeiro · wall_segment Palisade Wall x2 |
| 9:31 | Arabeiro · wall_segment Palisade Wall x3 |
| 9:32 | Arabeiro · wall_segment Palisade Wall x6 |
| 9:56 | SSx_KakashiXxX · first_building Barracks |
| 10:33 | Gomes · wall_segment Palisade Wall x1 |
| 10:41 | Gomes · wall_segment Palisade Wall x1 |
| 10:42 | Gomes · wall_segment Palisade Wall x1 |
| 10:42 | Petry · first_building Barracks |
| 10:46 | Petry · wall_segment Palisade Wall x6 |
| 10:58 | Petry · wall_segment Palisade Wall x1 |
| 11:35 | Gomes · wall_segment Palisade Wall x5 |
| 11:40 | Gomes · wall_segment Palisade Wall x2 |
| 11:40 | Sérgio's · wall_segment Palisade Wall x2 |
| 11:43 | Sérgio's · wall_segment Palisade Wall x1 |
| 11:44 | Sérgio's · wall_segment Palisade Wall x1 |
| 11:46 | Sérgio's · wall_segment Palisade Wall x1 |
| 11:46 | Sérgio's · wall_segment Palisade Wall x1 |
| 11:47 | Sérgio's · wall_segment Palisade Wall x1 |
| 11:47 | Sérgio's · wall_segment Palisade Wall x1 |
| 11:48 | Sérgio's · wall_segment Palisade Wall x1 |
| 12:05 | Gomes · first_building Barracks |
| 12:06 | Arabeiro · wall_segment Palisade Wall x3 |
| 12:08 | SS_Bart · wall_segment Palisade Wall x1 |
| 12:10 | Arabeiro · first_building Barracks |
| 12:27 | SS_Snap · wall_segment Palisade Wall x5 |
| 12:28 | SS_Snap · wall_segment Palisade Wall x5 |
| 12:31 | SS_Snap · wall_segment Palisade Wall x4 |
| 12:38 | SS_Snap · wall_segment Palisade Wall x1 |
| 12:39 | SS_Snap · wall_segment Palisade Wall x1 |
| 12:41 | SS_Snap · age_up feudal |
| 12:57 | Sérgio's · age_up feudal |
| 12:57 | SSx_KakashiXxX · age_up feudal |
| 13:10 | SS_Bart · wall_segment Palisade Wall x1 |
| 13:14 | SS_Bart · age_up feudal |
| 13:23 | Arabeiro · age_up feudal |
| 13:23 | SS_Bart · wall_segment Palisade Wall x1 |
| 13:26 | Arabeiro · first_building Archery Range |
| 13:27 | Biel · wall_segment Palisade Wall x1 |
| 13:34 | Biel · age_up feudal |
| 13:38 | SS_Bart · wall_segment Palisade Wall x1 |
| 13:39 | Biel · wall_segment Palisade Wall x1 |
| 13:41 | SS_Bart · wall_segment Palisade Wall x1 |
| 13:42 | Biel · wall_segment Palisade Wall x1 |
| 13:45 | Biel · wall_segment Palisade Wall x1 |
| 13:46 | Arabeiro · wall_segment Palisade Wall x3 |
| 13:47 | Petry · wall_segment Palisade Wall x1 |
| 13:48 | Petry · wall_segment Palisade Wall x1 |
| 13:49 | Petry · wall_segment Palisade Wall x1 |
| 13:49 | Arabeiro · wall_segment Palisade Wall x5 |
| 13:49 | Petry · wall_segment Palisade Wall x1 |
| 14:01 | SS_Bart · first_building Barracks |
| 14:05 | Gomes · age_up feudal |
| 14:10 | Gomes · first_building Stable |
| 14:11 | Petry · age_up feudal |
| 14:12 | Petry · first_building Stable |
| 14:19 | SSx_KakashiXxX · wall_segment Stone Wall x1 |
| 14:20 | SSx_KakashiXxX · wall_segment Stone Wall x1 |
| 14:21 | SSx_KakashiXxX · wall_segment Stone Wall x1 |
| 14:21 | SSx_KakashiXxX · wall_segment Stone Wall x1 |
| 14:25 | Arabeiro · wall_segment Palisade Wall x1 |
| 14:31 | SSx_KakashiXxX · wall_segment Palisade Wall x1 |
| 14:39 | SSx_KakashiXxX · wall_segment Palisade Wall x1 |
| 14:49 | Arabeiro · wall_segment Palisade Wall x7 |
| 14:59 | SS_Snap · first_building Barracks |
| 15:16 | Arabeiro · wall_segment Palisade Wall x1 |
| 15:18 | Arabeiro · wall_segment Palisade Wall x1 |
| 15:37 | SSx_KakashiXxX · first_building Archery Range |
| 15:40 | SSx_KakashiXxX · wall_segment Palisade Wall x5 |
| 15:56 | SS_Snap · first_building Stable |
| 15:57 | SSx_KakashiXxX · wall_segment Stone Wall x1 |
| 16:35 | Sérgio's · wall_segment Stone Wall x1 |
| 16:37 | Sérgio's · wall_segment Stone Wall x1 |
| 16:46 | SSx_KakashiXxX · wall_segment Palisade Wall x10 |
| 16:48 | Sérgio's · first_market_buy 100 stone |
| 16:50 | Sérgio's · first_market_sell 100 food |
| 16:52 | SSx_KakashiXxX · wall_segment Palisade Wall x1 |
| 16:55 | Sérgio's · age_up castle |
| 17:04 | Biel · age_up castle |
| 17:10 | Biel · first_building Castle |
| 17:13 | Sérgio's · first_building Castle |
| 17:15 | SS_Snap · age_up castle |
| 17:16 | Biel · first_market_buy 100 stone |
| 17:24 | Arabeiro · age_up castle |
| 17:41 | Petry · age_up castle |
| 17:58 | Arabeiro · wall_segment Palisade Wall x1 |
| 18:06 | Gomes · age_up castle |
| 18:30 | SS_Bart · first_building Stable |
| 18:42 | SS_Bart · wall_segment Palisade Wall x3 |
| 18:43 | SSx_KakashiXxX · wall_segment Palisade Wall x1 |
| 18:45 | SS_Bart · wall_segment Palisade Wall x6 |
| 19:48 | SS_Bart · wall_segment Palisade Wall x1 |
| 19:49 | SSx_KakashiXxX · wall_segment Palisade Wall x1 |
| 19:49 | SS_Bart · wall_segment Palisade Wall x1 |
| 19:50 | SSx_KakashiXxX · wall_segment Palisade Wall x1 |
| 19:51 | SSx_KakashiXxX · wall_segment Palisade Wall x1 |
| 19:52 | SS_Bart · wall_segment Palisade Wall x2 |
| 19:53 | SS_Bart · wall_segment Palisade Wall x1 |
| 19:53 | SS_Bart · wall_segment Palisade Wall x1 |
| 20:06 | Biel · first_market_sell 100 wood |
| 20:08 | SS_Bart · first_building Dock |
| 21:35 | Gomes · first_building Siege Workshop |
| 21:51 | Biel · tribute_sent a jugador 1 |
| 21:51 | Biel · tribute_sent a jugador 2 |
| 21:51 | Biel · tribute_sent a jugador 3 |
| 21:51 | Biel · tribute_sent a jugador 4 |
| 21:51 | Biel · tribute_sent a jugador 5 |
| 21:51 | Biel · tribute_sent a jugador 6 |
| 21:51 | Biel · tribute_sent a jugador 7 |
| 22:01 | SS_Bart · age_up castle |
| 22:07 | Arabeiro · first_building Siege Workshop |
| 22:23 | SS_Bart · first_market_buy 100 wood |
| 23:08 | Petry · first_building Monastery |
| 23:14 | Gomes · wall_segment Palisade Wall x1 |
| 23:18 | Gomes · wall_segment Palisade Wall x3 |
| 23:54 | Sérgio's · wall_segment Palisade Wall x1 |
| 23:55 | Sérgio's · wall_segment Palisade Wall x1 |
| 26:50 | SS_Snap · first_building Monastery |
| 29:15 | Gomes · first_market_buy 100 wood |
| 30:57 | Biel · first_building Monastery |
| 31:57 | Sérgio's · first_building Barracks |
| 32:47 | Gomes · wall_segment Stone Wall x1 |
| 32:48 | Sérgio's · first_building Stable |
| 33:48 | Petry · first_building Castle |
| 34:11 | Sérgio's · first_building Archery Range |
| 34:53 | Arabeiro · first_market_buy 100 stone |
| 34:54 | Petry · wall_segment Stone Wall x28 |
| 35:19 | Arabeiro · first_building Castle |
| 35:21 | Petry · first_market_buy 100 wood |
| 35:22 | Sérgio's · age_up imperial |
| 35:25 | Gomes · wall_segment Stone Wall x1 |
| 35:26 | Biel · first_building Barracks |
| 35:27 | SS_Bart · first_building Castle |
| 35:38 | Petry · wall_segment Stone Wall x1 |
| 35:58 | SS_Snap · first_building Castle |
| 36:28 | SS_Snap · first_market_buy 100 wood |
| 36:54 | Gomes · first_building Castle |
| 38:18 | Petry · wall_segment Stone Wall x1 |
| 38:18 | Gomes · first_market_sell 500 wood |
| 38:33 | SS_Snap · age_up imperial |
| 38:53 | Biel · age_up imperial |
| 39:34 | Petry · age_up imperial |
| 40:00 | SS_Bart · age_up imperial |
| 40:06 | Biel · resign |
[ AI ANALYSIS · 1 CREDIT ]
What really happened in this match?
Wolo.gg analyzes every decision: build order, eco, micro, common mistakes by bracket. Personalized analysis on WhatsApp or Discord in 30 seconds.
Civ guide
Portuguese
Perfil
Jugador #2607446